 Dungeon Crawl Stone Soup version 0.22-a0-439-gac93bac (webtiles) character file.

389 theclanless the Cutter (level 6, -2/49 HPs)
             Began as a Vine Stalker Berserker on May 25, 2018.
             Was a Priest of Trog.
             Slain by an ogre
             ... wielding a +0 giant spiked club
              (20 damage)
             ... on level 4 of the Dungeon on May 29, 2018.
             The game lasted 00:12:04 (2217 turns).

theclanless the Cutter (Vine Stalker Berserker)     Turns: 2217, Time: 00:12:05

Health: -2/49      AC: 16    Str: 26    XL:     6   Next: 79%
Magic:  0/8        EV:  8    Int:  7    God:    Trog [***...]
Gold:   103        SH:  0    Dex: 14    Spells: 5/5 levels left

rFire    . . .     SeeInvis .   b - +1 rapier
rCold    . . .     Gourm    .   (no shield)
rNeg     . . .     Faith    .   o - +2 plate armour
rPois    +         Spirit   +   (no helmet)
rElec    .         Reflect  .   (no cloak)
rCorr    .         Harm     .   (no gloves)
MR       .....                  (no boots)
Stlth    ..........             (no amulet)
HPRegen  0.56/turn              h - ring of poison resistance
MPRegen  0.11/turn              m - +3 ring of protection

@: berserking, very quick
A: fangs 2, regeneration 1, magic shield, antimagic bite, no potion heal 3, rot
immunity
a: Berserk, Trog's Hand, Renounce Religion


You were on level 4 of the Dungeon.
You worshipped Trog.
Trog was most pleased with you.
You were hungry.

You visited 1 branch of the dungeon, and saw 4 of its levels.

You collected 103 gold pieces.

Inventory:

Hand Weapons
 a - a +0 dagger
 b - a +1 rapier (weapon)
Armour
 o - a +2 plate armour (worn)
 p - a +0 ring mail
Jewellery
 h - a ring of poison resistance (left hand)
 m - a +3 ring of protection (right hand)
Wands
 f - a wand of iceblast (7)
 n - a wand of enslavement (16)
Scrolls
 e - a scroll of fear
 i - 3 scrolls of identify
 j - a scroll of teleportation
 r - 2 scrolls of remove curse
 s - a scroll of enchant armour
Potions
 d - a potion of curing
 g - a potion of lignification
 k - 2 potions of cancellation
 q - 2 potions of might {unknown}
Comestibles
 c - 10 rations
 l - 2 chunks of flesh


   Skills:
 * Level 3.9 Fighting
 * Level 3.9 Short Blades
 * Level 3.0 Armour
 * Level 3.0 Dodging
 - Level 0.4 Stealth
 + Level 1.6 Evocations


You had 5 spell levels left.
You didn't know any spells.
Your spell library contained the following spells:

 Spells                   Type           Power        Failure   Level  Hunger
 Confuse                  Hex            #.......     100%        3    ####...
 Tukima's Dance           Hex            #.......     100%        3    ####...
 Ensorcelled Hibernation  Hex/Ice        #.....       100%        2    ###....
 Corona                   Hex            #......      100%        1    ##.....
 Dazzling Spray           Conj/Hex       #.....       100%        3    ####...


Dungeon Overview and Level Annotations

Branches:
Dungeon (4/15)
 Temple: D:4-7

Altars:
Gozag
Makhleb
Ru
Sif Muna

Shops:
D:4 (


Innate Abilities, Weirdness & Mutations

You have extremely sharp teeth.
Your natural rate of healing is unusually fast.
When hurt, damage is shared between your health and your magic reserves.
Your bite disrupts and absorbs the magic of your enemies.
Potions cannot restore your health.
You are immune to rotting.


Message History

Your plate armour prevents you from hitting the ogre.
Your bite misses the ogre.
The ogre hits you with a giant spiked club.
You hit the ogre. Your bite misses the ogre.
The ogre is moderately wounded.
The ogre hits you with a giant spiked club.
Your plate armour prevents you from hitting the ogre.
Your bite misses the ogre.
The ogre is moderately wounded.
The ogre hits you with a giant spiked club!
You hit the ogre. Your bite misses the ogre.
The ogre is moderately wounded.
A red film seems to cover your vision as you go berserk!
You feel yourself moving faster!
You feel mighty!
You are feeling hungry.
The ogre hits you with a giant spiked club!
You hit the ogre. You bite the ogre, but do no damage.
The ogre is heavily wounded.
The ogre hits you with a giant spiked club!!
You die...

.##....##....#
.##....##....#
.รท..........######
............##...##
..................####
.......####'##........
.......# ...##....####
.##....##...##..#.#.#.#.
.########...####@.......
.............# ##O#.#.#.
.............# .....
.............# .#<#!
......<......# .....
.##....##....# .# #.#
.##....# ..# .. ...
.#........ # .# #.
.#.........


You could see an ogre.

Vanquished Creatures
  2 hounds
  An orc wizard (D:3)
  Natasha (thrice) (D:2)
  A worker ant (D:4)
  6 gnolls
  6 adders
  An ooze (D:2)
  3 worms
  A dart slug (D:2)
  2 leopard geckos
  11 orcs
  A ball python (D:1)
  5 giant cockroaches
  3 goblins
  6 hobgoblins
  4 quokkas
  3 bats
  3 frilled lizards
  8 kobolds
  A quokka skeleton (D:4)
  12 rats
83 creatures vanquished.

Notes
Turn   | Place    | Note
-------+----------+-------------------------------------------
     0 | D:1      | theclanless the Vine Stalker Berserker began the quest for the Orb.
     0 | D:1      | Reached XP level 1. HP: 11/11 MP: 2/2
   415 | D:1      | Reached XP level 2. HP: 9/16 MP: 1/3
  1029 | D:2      | Noticed Natasha
  1035 | D:2      | Killed Natasha
  1035 | D:2      | Reached XP level 3. HP: 18/20 MP: 4/4
  1093 | D:2      | Gained mutation: Your natural rate of healing is unusually fast. [Vine Stalker growth]
  1093 | D:2      | Reached XP level 4. HP: 15/24 MP: 1/5
  1151 | D:2      | Found a sacrificial altar of Ru.
  1190 | D:2      | Reached ** piety under Trog
  1280 | D:2      | Noticed Natasha
  1286 | D:2      | Killed Natasha
  1347 | D:2      | Noticed Natasha
  1356 | D:2      | Killed Natasha
  1356 | D:2      | Reached skill level 1 in Evocations
  1356 | D:2      | Reached XP level 5. HP: 28/28 MP: 6/6
  1373 | D:2      | Found a burning altar of Makhleb.
  1574 | D:3      | Reached XP level 6. HP: 32/32 MP: 7/7
  1649 | D:3      | Found a deep blue altar of Sif Muna.
  1716 | D:3      | Found an opulent altar of Gozag.
  1718 | D:3      | Reached *** piety under Trog
  2040 | D:4      | Found Fafem's Weapon Shoppe.
  2217 | D:4      | Slain by an ogre

Vault maps used:
D:1:      nzn_arrival_crosshair
D:2:      lemuel_coloured_pillars_altar, makhleb_blood_cavern_becter,
          uniq_natasha
D:3:      overflow_temple_1_default, old_standard_altar, serial_corexii_hall,
          corexii_hall_statues_u, corexii_hall_statues_i
D:4:      first_ration, serial_shops, shop, nicolae_ossuary_entry_plus,
          minmay_misc_feat_pillars, st_stairs_11, uniq_duvessa, uniq_purgy,
          uniq_ijyb

Skill      XL: |  1  2  3  4  5  6 |
---------------+-------------------+-----
Short Blades   | 3 |  3.9
Fighting       | 3 |  3.9
Armour         | 2 3 |  3.0
Dodging        | 2 3 |  3.0
Evocations     | 1 |  1.6
Stealth        | |  0.4

Action                   |  1- 3 |  4- 6 || total
-------------------------+-------+-------++-------
Melee: Short sword       |    47 |       ||    47
       Bite              |    19 |    53 ||    72
       Dagger            |    40 |     5 ||    45
       Rapier            |       |   192 ||   192
Invok: Berserk           |     1 |     2 ||     3
  Use: Scroll            |     7 |     3 ||    10
       Potion            |     1 |       ||     1
 Stab: Sleeping          |     1 |       ||     1
  Eat: Chunk             |     1 |     6 ||     7
Armor: Animal skin       |     3 |       ||     3
       Plate armour      |    21 |   151 ||   172
Dodge: Dodged            |    34 |    75 ||   109

Table legend:
 A = Spawn XP
 B = Non-spawn XP
 C = Spawn XP percentage of total XP
 D = Spawn monster count
 E = Non-spawn monster count
 F = Spawn count percentage of total count
 G = Total turns spent on level
                    A         B        C        D         E        F      G
               +---------+---------+-------+---------+---------+-------+---------
         Total |       0 |     556 |   0.0 |       0 |      83 |   0.0 |  2217
               +---------+---------+-------+---------+---------+-------+---------
           D:1 |       0 |      16 |   0.0 |       0 |      11 |   0.0 |   861
           D:2 |       0 |     231 |   0.0 |       0 |      25 |   0.0 |   551
           D:3 |       0 |     212 |   0.0 |       0 |      40 |   0.0 |   616
           D:4 |       0 |      97 |   0.0 |       0 |       7 |   0.0 |   189
               +---------+---------+-------+---------+---------+-------+---------
